Cogmind - Beta 17 @@@ ROGUE MODE // 2026.06.24 @ 13:12:25 Player: Lolterzard Result: Destroyed by 4N-2Y2(R) with Subdweller Machine Gun Performance ------------- Evolutions (0) 0 Regions Visited (3) 600 Robots Destroyed (29) 145 Value Destroyed (562) 562 Prototype IDs (0) 0 Alien Tech Used (0) 0 Bonus (0) 0 TOTAL SCORE: 1307 Bonus ------- None Cogmind --------- Core Integrity 0/250 Matter 129/300 Energy 100/100 System Corruption 8% Temperature Cool (0) Movement Core (750) Ox14 Location -10/Subcaves Parts ------- > --- POWER (1) -------- (None) > --- PROPULSION (2) --- (None) > --- UTILITY (2) ------ High-capacity Storage Unit > --- WEAPON (2) ------- Battle Rifle Battle Cannon > --- INVENTORY (20) --- Propulsion Shielding Assault Rifle Assault Rifle Assault Rifle Assault Rifle Assault Rifle Assault Rifle Subdweller Shrapnel Launcher Peak State ------------ > --- POWER ------------ Ion Engine > --- PROPULSION ------- Light Treads Light Treads > --- UTILITY ---------- High-capacity Storage Unit Makeshift System Restoration Module > --- WEAPON ----------- Assault Rifle Light Cannon > --- INVENTORY -------- Propulsion Shielding Light Armor Plating Assault Rifle Assault Rifle Assault Rifle Assault Rifle Assault Rifle Grenade Launcher Subdweller Shrapnel Launcher [Rating: 11] Favorites ----------- Power Ion Engine Engine Ion Engine Propulsion Light Treads Treads Light Treads Utility Seismic Detector Device Seismic Detector Storage Medium Storage Unit Protection Light Armor Plating Weapon Assault Rifle Ballistic Gun Assault Rifle Ballistic Cannon Light Cannon Launcher Grenade Launcher Build | -11 -10 -10 -10 ------- Run | Yrd Mat Min Sub Slots Evolved . | . . . . Power . | . . . . Propulsion . | . . . . Utility . | . . . . Weapon . | . . . . Parts Attached 20 | 7 5 3 5 Power 2 | 1 . 1 . Engine 2 | 1 . 1 . Core . | . . . . Reactor . | . . . . Propulsion 2 | 2 . . . Treads 2 | 2 . . . Leg . | . . . . Wheel . | . . . . Hover . | . . . . Flight . | . . . . Utility 7 | 2 1 2 2 Device 3 | 1 . 1 1 Storage 3 | 1 1 1 . Processor . | . . . . Hackware . | . . . . Protection 1 | . . . 1 Artifact . | . . . . Weapon 9 | 2 4 . 3 Energy Gun . | . . . . Energy Cannon . | . . . . Ballistic Gun 6 | 2 3 . 1 Ballistic Cannon 2 | . 1 . 1 Launcher 1 | . . . 1 Special Weapon . | . . . . Impact Weapon . | . . . . Slashing Weapon . | . . . . Piercing Weapon . | . . . . Special Melee Weapon . | . . . . Unidentified Prototypes . | . . . . Parts Lost 9 | . . 2 7 Power 2 | . . 1 1 Propulsion 2 | . . . 2 Utility 3 | . . 1 2 Weapon 2 | . . . 2 Highest Loss Streak 6 | . . 2 6 To Critical Strikes . | . . . . Average Backups 8 | 3 8 9 9 Power . | . 1 . . Propulsion . | 1 . . . Utility 1 | . 1 2 1 Weapon 6 | . 6 6 7 Tool/Special . | . . . . Unused Backups 13 | . 5 1 7 Power 1 | . 1 . . Propulsion 2 | . 2 . . Utility 2 | . . 1 1 Weapon 8 | . 2 . 6 Tool/Special . | . . . . Average Slot Usage (%) 98 | . 99 99 96 Engine 13 | . 14 14 13 Treads 27 | . 28 28 26 Device 11 | . 14 13 6 Storage 14 | . 14 14 14 Protection 1 | . . . 5 Ballistic Gun 17 | . 21 14 13 Ballistic Cannon 10 | . 5 14 14 Peak Build Rating 11 | 7 8 8 11 Average Rating 7 | 5 7 7 7 On Entrance 5 | . 7 8 7 Avg Prop Armor Cover (%) 28 | 28 . . . Naked Turns . | . . . . Heaviest Build 53 | 14 21 51 53 Greatest Support 40 | 40 40 40 40 Greatest Overweight (x) 2 | 2 . 1 2 Average Overweight (x) . | . . . 1 Largest Inventory Capacity 20 | 8 10 20 20 Average Capacity 12 | 7 9 10 20 Most Carried 11 | 5 10 10 11 Average Carried 8 | 3 9 9 9 Final Capacity 20 | 8 10 20 20 Final Carried 10 | 4 10 8 8 Class Distribution -------------------- 100% | Mutant Dominant Class ---------------- Mutant | -10/Materials Mutant | -10/Mines Mutant | -10/Subcaves Resources | -11 -10 -10 -10 ----------- Run | Yrd Mat Min Sub Matter Collected 1033 | 330 393 247 63 Remotely 65 | . . 55 10 Salvage Created 895 | 126 542 149 78 Parts 59 | 13 37 9 . Haulers Intercepted 2 | . 2 . . Recyclers Shooed 5 | 1 3 1 . Parts Field Recycled . | . . . . Retrieved Matter . | . . . . Parts Self-Destructed . | . . . . Prevented . | . . . . Parts Restored . | . . . . Kills | -11 -10 -10 -10 ------- Run | Yrd Mat Min Sub Combat Hostiles Destroyed 16 | . 10 3 3 Guns 9 | . 8 . 1 Cannons 6 | . 2 3 1 AOE 1 | . . . 1 Classes Destroyed 9 | 3 4 1 1 Worker 2 | 1 1 . . Builder 1 | . . 1 . Tunneler 3 | 3 . . . Hauler 2 | . 2 . . Recycler 3 | 1 2 . . Watcher 2 | . 2 . . Swarmer 6 | . 6 . . Grunt 7 | . 4 3 . Subdweller 3 | . . . 3 Best Kill Streak 5 | 2 5 2 2 Combat Bots Only 4 | . 4 2 2 Max Kills in Single Turn 1 | 1 1 1 1 Gunslinging . | . . . . Exploded 1 | . . . 1 Melee . | . . . . Uniques/NPCs Destroyed . | . . . . Combat | -11 -10 -10 -10 -------- Run | Yrd Mat Min Sub Hostile Shots Fired 128 | . 64 26 38 Missed 39 | . 22 9 8 Hits 89 | . 42 17 30 Projectile 89 | . 42 17 30 Critical Strikes 2 | . 2 . . Damage Taken 1302 | . 459 232 611 Core 258 | . 75 44 139 Absorbed by Shields . | . . . . Core Remaining (%) 100 | 100 . . . Volleys Fired 101 | 15 50 15 21 Largest 2 | 2 2 2 2 Hottest 60 | 40 50 50 60 Shots Fired 203 | 30 101 32 40 Gun 145 | 30 85 16 14 Cannon 54 | . 16 16 22 Launcher 4 | . . . 4 Special . | . . . . Kinetic 199 | 30 101 32 36 Thermal . | . . . . Explosive 4 | . . . 4 Electromagnetic . | . . . . Robot Hit Streak 14 | 3 9 14 6 Robot Miss Streak 4 | 2 4 3 3 Penetration Max . | . . . . Secondary Targets 1 | . 1 . . Max Gunslinging Chain 1 | . 1 . . Shots Hit Robots 125 | 17 59 25 24 Core Hits 46 | 8 23 10 5 Critical Kills . | . . . . Critical Parts Destroyed . | . . . . Critical Strikes . | . . . . Melee Attacks . | . . . . Impact . | . . . . Slashing . | . . . . Piercing . | . . . . Sneak Attacks . | . . . . Combat Hostiles . | . . . . Follow-up Attacks . | . . . . Damage Inflicted 1966 | 186 800 390 590 Guns 1071 | 186 624 154 107 Cannons 631 | . 172 236 223 Explosions 260 | . . . 260 Melee . | . . . . Ramming 4 | . 4 . . Kinetic 1702 | 186 796 390 330 Thermal . | . . . . Explosive 260 | . . . 260 Electromagnetic . | . . . . Impact . | . . . . Slashing . | . . . . Piercing . | . . . . Highest Corruption 8 | . 8 8 8 Average Corruption 7 | . 7 8 8 Corruption Purged . | . . . . Corruption Blocked . | . . . . Effects 94 | . 32 29 33 Message Errors 26 | . 10 5 11 Matter Fused 24 | . 8 10 6 Heat Flow Errors 5 | . 2 1 2 Energy Discharges 13 | . 3 5 5 Parts Rejected 1 | . . 1 . Parts Fused 1 | . . . 1 Data Loss (minor) 8 | . 2 3 3 Data Loss (major) 6 | . 4 1 1 Misfires 5 | . 1 2 2 Alerts 4 | . 2 1 1 Weapon Failures 1 | . . . 1 Overload Shots . | . . . . Overflow Damage 12 | . 12 . . Projectiles 12 | . 12 . . Explosions . | . . . . Melee . | . . . . Knockbacks 8 | . 3 2 3 Impact . | . . . . Kinetic 8 | . 3 2 3 Secondary . | . . . . Self-Inflicted Damage . | . . . . Shots . | . . . . Rammed 1 | . 1 . . Targets Rammed 1 | . 1 . . Kicked . | . . . . Crushed . | . . . . Highest Temperature 270 | . 270 141 168 Average Temperature 60 | . 71 28 80 Received Heat Transfer 348 | . 192 132 24 Siege Activations . | . . . . Martial Activations . | . . . . Shielding Activations . | . . . . Robots Disrupted . | . . . . Combat Hostiles . | . . . . Robots Corrupted . | . . . . Combat Hostiles . | . . . . Parts Fried . | . . . . Impact Corruptions . | . . . . Robots Melted . | . . . . Combat Hostiles . | . . . . Parts Melted . | . . . . Heat Transferred . | . . . . Parts Sabotaged . | . . . . Parts Stolen . | . . . . Parts Stripped . | . . . . Power Chain Reactions . | . . . . Alert | -11 -10 -10 -10 ------- Run | Yrd Mat Min Sub Maximum Alert Level . | . . . . Low Security (%) 100 | 100 100 100 . Level 1 . | . . . . Level 2 . | . . . . Level 3 . | . . . . Level 4 . | . . . . Level 5 . | . . . . High Security . | . . . . Max Security . | . . . . Peak Influence 145 | 10 145 40 . Initial . | . . . . Average 19 | 1 31 2 . Influence Increases 427 | 25 317 85 . Destroy 0b10 Robot/C 260 | . 200 60 . Destroy 0b10 Robot/NC 65 | 25 35 5 . Destroy Leader 68 | . 48 20 . Successful Hack 4 | . 4 . . Disable Machine 15 | . 15 . . Lose Combat Pursuer 15 | . 15 . . Influence Decreases 427 | 25 317 67 18 Entered New Map 10 | . . . 10 Time Decay 407 | 25 317 57 8 Lost Part 10 | . . 10 . Squads Dispatched 1 | . . 1 . Investigation 1 | . . 1 . Extermination . | . . . . Reinforcement . | . . . . Assault . | . . . . Garrison . | . . . . Intercept . | . . . . Searches Triggered . | . . . . Construction Impeded . | . . . . Haulers Reinforced . | . . . . Active Scanning Responses . | . . . . Cargo Convoy Interrupts . | . . . . Stealth | -11 -10 -10 -10 --------- Run | Yrd Mat Min Sub Distress Signals 2 | . 2 . . Communications Jammed . | . . . . Distress Signals . | . . . . Times Spotted 27 | . 19 4 4 Peak Tracking Total 5 | . 5 2 3 Tactical Retreats 1 | . 1 . . Traps | -11 -10 -10 -10 ------- Run | Yrd Mat Min Sub Traps Triggered 6 | . 6 . . Indirectly . | . . . . Trap Hack Attempts . | . . . . Triggered . | . . . . Disarmed . | . . . . Reprogrammed . | . . . . Reused . | . . . . Traps Extracted . | . . . . Installed . | . . . . Triggered . | . . . . Machines | -11 -10 -10 -10 ---------- Run | Yrd Mat Min Sub Machines Disabled 1 | . 1 . . Max in Single Turn 1 | . 1 . . Machines Repaired . | . . . . Machines Dismantled . | . . . . Machines Sabotaged . | . . . . Overloaded Fab Kills . | . . . . Hacking | -11 -10 -10 -10 --------- Run | Yrd Mat Min Sub Machines Accessed 3 | . 1 2 . Terminals 2 | . 1 1 . Fabricators . | . . . . Repair Stations . | . . . . Recycling Units . | . . . . Scanalyzers . | . . . . Garrison Access . | . . . . Total Hacks 5 | . 3 2 . Successful 5 | . 3 2 . Failed . | . . . . Catastrophic . | . . . . Database Lockouts . | . . . . Manual . | . . . . Terminals 4 | . 3 1 . Fabricators . | . . . . Repair Stations . | . . . . Recycling Units . | . . . . Scanalyzers . | . . . . Garrison Access . | . . . . Terminal Hacks 5 | . 3 2 . Record 1 | . . 1 . Open Door 1 | . . 1 . Emergency Access Points 1 | . 1 . . Alert Level 1 | . 1 . . Transport Status 1 | . 1 . . Fabricator Hacks . | . . . . Repair Station Hacks . | . . . . Recycling Unit Hacks . | . . . . Scanalyzer . | . . . . Garrison Access Hacks . | . . . . Unauthorized Hacks . | . . . . Terminals . | . . . . Fabricators . | . . . . Repair Stations . | . . . . Recycling Units . | . . . . Scanalyzers . | . . . . Garrison Access . | . . . . Data Cores Recovered . | . . . . Used . | . . . . Hacking Detections . | . . . . Full Trace Events . | . . . . Feedback Events . | . . . . Feedback Blocked . | . . . . Robot Schematics Acquired . | . . . . Robots Built . | . . . . Authchips . | . . . . Time . | . . . . Total Robot Build Rating . | . . . . Part Schematics Acquired . | . . . . Parts Built . | . . . . Authchips . | . . . . Time . | . . . . Total Part Build Rating . | . . . . Part Studies Acquired . | . . . . Parts Repaired . | . . . . Time . | . . . . Parts Recycled . | . . . . Recycled Matter . | . . . . Retrieved Matter . | . . . . Retrieved Components . | . . . . Parts Scanalyzed . | . . . . Part Schematics Acquired . | . . . . Parts Damaged . | . . . . Bothacking | -11 -10 -10 -10 ------------ Run | Yrd Mat Min Sub Used RIF Installer . | . . . . Robots Hacked . | . . . . Non-combat . | . . . . Combat . | . . . . Robot Hacks Applied . | . . . . Relay Couplers Released . | . . . . Fabnet Peak Effective % . | . . . . Robots Rewired . | . . . . Allies Hacked . | . . . . Hacks Repelled . | . . . . Allies | -11 -10 -10 -10 -------- Run | Yrd Mat Min Sub Total Allies . | . . . . Largest Group . | . . . . Highest-Rated Group . | . . . . Highest-Rated Ally . | . . . . Total Orders . | . . . . Ally Attacks . | . . . . Total Damage . | . . . . Kills . | . . . . Allies Corrupted . | . . . . Allies Melted . | . . . . Intel | -11 -10 -10 -10 ------- Run | Yrd Mat Min Sub Active Infowar (turns) 2201 | 47 1412 742 . Seismic 2201 | 47 1412 742 . Robot Analysis Total . | . . . . Derelict Logs Recovered 2 | . . 1 1 Drone Launches . | . . . . Drone Recoveries . | . . . . Exploration | -11 -10 -10 -10 ------------- Run | Yrd Mat Min Sub Turns Passed 3221 | 160 1412 806 843 Spaces Moved 1553 | 79 723 429 322 Core 26 | 26 . . . Treads 1527 | 53 723 429 322 Legs . | . . . . Wheels . | . . . . Hover . | . . . . Flight . | . . . . Fastest Speed 50 | 50 160 160 240 Average Speed 176 | 131 160 163 240 Slowest Speed 320 | 160 160 240 320 Overloaded Moves . | . . . . Propulsion Burnouts . | . . . . Robots Hopped . | . . . . Potential Cave-ins . | . . . . Cave-ins Triggered . | . . . . Exploration Rate (%) 53 | 4 95 91 23 Regions Visited 3 Branch Regions 2 Pre-discovered Areas 1 | . . . 1 Known Exits Taken . | . . . . Unknown Exits Taken 3 | 1 1 1 . Scrap Searched 6 | . . 2 4 Spaces Dug . | . . . . Terrain Destroyed 19 | . . . 19 Melee . | . . . . Projectile . | . . . . AOE 19 | . . . 19 Terrain Rammed . | . . . . Walls Destroyed . | . . . . Machines Disabled . | . . . . Actions | -11 -10 -10 -10 --------- Run | Yrd Mat Min Sub Total 1842 | 105 881 504 352 Wait 135 | . 81 54 . Move 1550 | 78 722 428 322 Hop . | . . . . Pick Up 21 | 5 12 1 3 Fast Attach 10 | 6 2 1 1 Attach 6 | 1 . 2 3 Detach . | . . . . Swap 5 | . 3 1 1 Drop 13 | . 10 2 1 Fire 101 | 15 50 15 21 Melee . | . . . . Ram . | . . . . Kick . | . . . . Crush 1 | . 1 . . Escape Stasis . | . . . . Rewire . | . . . . Trap . | . . . . Miscellaneous . | . . . . Route ------- -11/Scrapyard -10/Materials (discovered 5 exits: [*Mat x3] / *Min / [*Sub]) -10/Mines (discovered 3 exits: [*Mat x2] / [*Sub]) -10/Subcaves History --------- Turn | Location | Event 3 | -11/Scrapyard | Discovered new exit (range 15) 161 | -11/Scrapyard | Entered Materials 304 | -10/Materials | Build established: Mutant 388 | -10/Materials | Discovered new exit (range 15) 471 | -10/Materials | Discovered new exit (range 12) 520 | -10/Materials | Discovered new exit (range 3) 641 | -10/Materials | Discovered new exit (range 9) 861 | -10/Materials | Discovered new exit (range 4) 1573 | -10/Materials | Entered Mines 1618 | -10/Mines | Learned Materials stockpile data 1984 | -10/Mines | Met a Derelict shopkeep closing up shop 2109 | -10/Mines | Discovered new exit (range 8) 2306 | -10/Mines | Discovered new exit (range 7) 2348 | -10/Mines | Discovered new exit (range 9) 2379 | -10/Mines | Entered Subcaves 2459 | -10/Subcaves | Learned location of Storage (-7) 2558 | -10/Subcaves | A swath of the cavern ceiling suddenly collapsed 2771 | -10/Subcaves | Disturbed a concealed Subdweller 2779 | -10/Subcaves | Core integrity fell below 50% 3210 | -10/Subcaves | Core integrity fell below 20% 3222 | -10/Subcaves | Destroyed by 4N-2Y2(R) with Subdweller Machine Gun Last Messages --------------- 03078_ System corrupted: Energy discharge (-90). 03093_ System corrupted: Lgt. Cannon fused. 03110_ 5XNYFRCYNXUQ:|/TYVPWRGTJF|#G6:JB5YIWYG 03142_ =L4DTN:T7E28JF1:E7JZOZ% 03163_ Lgt. Treads destroyed. 03166_ 4N-2Y2(R) knocked back. 03167_ I56MR#DULE>7J%HJA623 CLR Z %XEW 03178_ Ion Engine destroyed. 03183_ Destroyed Disposable Heat Sink. 03186_ 5D-31F(R) destroyed. 03188_ &J